 Dungeon Crawl Stone Soup version 0.26.1-10-gdfb7c7de75 (webtiles) character file.

Game seed: 8986911022131969192

5 phalm the Insei (level 1, 0/13 HPs)
             Began as an Octopode Transmuter on Apr 2, 2021.
             Killed from afar by a dart slug (4 damage)
             ... with a slug dart
             ... on level 1 of the Dungeon.
             The game lasted 00:00:51 (71 turns).

phalm the Insei (Octopode Transmuter)                 Turns: 71, Time: 00:00:52

Health: 0/13       AC:  1    Str:  9    XL:     1   Next: 80%
Magic:  2/3        EV: 14    Int: 15    God:
Gold:   14         SH:  0    Dex: 18    Spells: 3/4 levels left

rFire    . . .     SeeInvis .     - Unarmed
rCold    . . .     Faith    .   (no shield)
rNeg     . . .     Spirit   .   (helmet currently unavailable)
rPois    .         Reflect  .   (no amulet)
rElec    .         Harm     .   a - +6 ring of dexterity
rCorr    .         Rampage  .   (no ring)
Will     .....                  (no ring)
Stlth    +++.......             (no ring)
HPRegen  0.04/turn              (no ring)
MPRegen  0.08/turn              (no ring)
                                (no ring)
                                (no ring)

@: appendages (expiring)
A: almost no armour, stealthy swim, amphibious, 8 rings, constrict 8, tentacle
spike 3, camouflage 1, gelatinous body 1
a: End Transformation


You were on level 1 of the Dungeon.
One of your tentacles had a temporary spike.
You visited 1 branch of the dungeon, and saw 1 of its levels.

You collected 14 gold pieces.

Inventory:

Jewellery
 a - a +6 ring of dexterity (left tentacle)
Scrolls
 b - a scroll of enchant weapon {unknown}


   Skills:
 + Level 1.0 Fighting
 + Level 2.1 Dodging
 + Level 3.0 Unarmed Combat
 * Level 2.1 Spellcasting
 * Level 2.1 Transmutations


You had 3 spell levels left.
You knew the following spells:

 Your Spells              Type           Power        Failure   Level
a - Beastly Appendage     Tmut           16%          9%          1

Your spell library contained the following spells:

 Spells                   Type           Power        Failure   Level
 Wereblood                Tmut           8%           14%         2
 Spider Form              Tmut/Pois      2%           38%         3
 Ice Form                 Ice/Tmut       4%           80%         4
 Blade Hands              Tmut           4%           94%         5


Dungeon Overview and Level Annotations

Branches:
Dungeon (1/15)

Altars:


Innate Abilities, Weirdness & Mutations

You cannot wear most types of armour.
You are very stealthy in the water. (Stealth+)
You are amphibious.
You can wear up to eight rings at the same time.
You can use your tentacles to constrict eight enemies at once.
Your skin changes colour to match your surroundings (Stealth+).
Your rubbery body absorbs attacks. (AC +1, EV +1)
One of your tentacles bears a large vicious spike.


Message History

You kill the ball python!
You tentacle-slap the kobold but do no damage.
Your grab misses the kobold.
You pierce the kobold, but do no damage.
Your squeeze misses the kobold.
Your transformation is almost over.
The kobold barely misses you.
You closely miss the kobold. You grab the kobold.
You pierce the kobold, but do no damage.
You constrict the kobold, but do no damage.
The kobold closely misses you.
You barely miss the kobold.
You pierce the kobold.
The kobold is moderately wounded.
You constrict the kobold.
The kobold hits you with a +0 short sword.
You tentacle-slap the kobold.
You kill the kobold!
The dart slug launches a dart at you. The slug dart hits you.
You die...

>................#.....#.....
......w..........#..<..#.....
##......#........#.....#.....
#......##.......###.###....#
#......##.........'''.....#
........##......#########..##
..###.####..w...#...††[†#....
.. .. ###)##.#.≈≈≈≈≈†#†...
... ##@##.#.≈≈≈≈≈.#....
#.....#.≈≈X≈≈.#....
#.##..#.......#.... ..
#..#########.... ###
#...............
#...######....## ##### ######


You could see a dart slug.

Vanquished Creatures
  A ball python (D:1)
  A goblin (D:1)
  2 jackals (D:1)
  A kobold (D:1)
5 creatures vanquished.

Vanquished Creatures (others)
  2 gargoyles (D:1)
  An elf (D:1)
  2 trolls (D:1)
  2 spriggans (D:1)
  3 formicids (D:1)
  A dwarf (D:1)
  2 centaurs (D:1)
  A mummy (D:1)
  A kobold (D:1)
  4 tentacles (D:1)
19 creatures vanquished.

Grand Total: 24 creatures vanquished

Notes
Turn   | Place    | Note
-------+----------+-------------------------------------------
     0 | D:1      | phalm the Octopode Transmuter began the quest for the Orb.
     0 | D:1      | Reached XP level 1. HP: 13/13 MP: 3/3
     2 | D:1      | Killed a spriggan
     3 | D:1      | Killed a formicid
     5 | D:1      | Noticed a gargoyle
     5 | D:1      | Noticed an elf
     5 | D:1      | Noticed a centaur
     5 | D:1      | Noticed a kraken
     5 | D:1      | Noticed a spriggan
     5 | D:1      | Noticed a formicid
     5 | D:1      | Noticed a troll
     5 | D:1      | Noticed a troll
     5 | D:1      | Noticed a gargoyle
     5 | D:1      | Noticed a formicid
     5 | D:1      | Noticed a dwarf
     5 | D:1      | Noticed a centaur
     6 | D:1      | Killed a centaur
     7 | D:1      | Killed an elf
     8 | D:1      | Killed a troll
    10 | D:1      | Killed a spriggan
    13 | D:1      | Killed a troll
    14 | D:1      | Killed a formicid
    15 | D:1      | Killed a gargoyle
    16 | D:1      | Killed a gargoyle
    17 | D:1      | Killed a formicid
    18 | D:1      | Killed a dwarf
    19 | D:1      | Killed a centaur
    71 | D:1      | Killed from afar by a dart slug

Illustrated notes

Levels and vault maps discovered:
D:1:      nicolae_arrival_kraken_aquarium_b, layout_rooms, serial_forest,
          infiniplex_forest_corner_2, infiniplex_forest_zigzag_2,
          infiniplex_forest_lined_2, infiniplex_forest_end_2,
          infiniplex_forest_corner_1, infiniplex_forest_lined_room_2,
          infiniplex_forest_straight_5, minmay_misc_feat_square,
          minmay_octomino_c4

Action                   || total
-------------------------++-------
Melee: Unarmed           ||    13
       Kick              ||     5
       Constrict         ||     4
       Tentacles         ||     2
 Cast: Beastly Appendage ||     1
Armor: Skin              ||     2
Dodge: Dodged            ||    10
